MingLee, neutral male gnomish Wizard -------- --------------------------------- |....... ............G....G..............| |..<...| |.------------.....------------.| |......| |.|=%(|...|%.|.....| |(((|%..|.| |......+ |.|(!!|...|%%|.....+ |]((|...|.| |......| |.|(![|...|..|.....| |...|...|.| ------.- -.|...|.. ||--.....----|---.|--.| # #|.-|---|---.....................| # #|.............{......{..........| ## ###|.--|--|---....-.|.--...........| # # #|.|...|....--..|....|..---|----.| ### ##` #..|(((|......+........+..|....... ---.- # #..|.((|......|.|.._@..|..|....|.| |....## ##..|((]|...|..|.|.........|....|.. |...| #|.------.-----.----...---.-.---.| |...+ |...............................| ----- --------------.------------------ MingLee the Thaumaturge Experience level: 6 Strength: 9 Dexterity: 12 Constitution: 18 Intelligence: 18 Wisdom: 8 Charisma: 12 Health: 32(51) Energy: 23(45) Def: 1 Gold: 453 Moves: 2772 Dungeon seed: C0PYNSukdJj6R-sW Game ID: MingLee_1463162254 Your Inventory: Coins $ - 453 gold pieces Amulets H - an uncursed amulet versus poison Weapons a - a blessed +1 quarterstaff (weapon in hands) Armor e - an uncursed +0 cloak of magic resistance (being worn) Comestibles p - 5 uncursed food rations I - an uncursed cram ration Scrolls i - an uncursed scroll of teleportation j - a blessed scroll of confuse monster k - an uncursed scroll of identify K - an uncursed scroll of enchant armor Spellbooks l - a blessed spellbook of force bolt m - an uncursed spellbook of detect unseen x - an uncursed spellbook of healing Potions f - an uncursed potion of gain ability g - 2 uncursed potions of gain energy h - a blessed potion of healing r - 2 uncursed potions of booze t - an uncursed potion of extra healing u - 2 uncursed potions of monster detection E - an uncursed potion of sleeping Rings c - an uncursed ring of poison resistance d - an uncursed ring of protection from shape changers C - a cursed ring of aggravate monster Wands b - an uncursed wand of striking (0:6) Tools F - an uncursed wax candle (0:400) G - an uncursed towel M - an uncursed skeleton key Spells and supernatural/magical abilities: Name Level Category Fail Memory a - force bolt 1 attack 0% 87% h - healing 1 healing 0% 95% U - detect unseen 3 divination 77% 87% W - pray for help -- divine ? -- Your skills at the end: Fighting Skills Weapon Skills quarterstaff [Basic] Spellcasting Skills attack spells [Basic] enchantment spells [Basic] Final Attributes: You were piously aligned. You were poison resistant. You were magic-protected. You were telepathic. You had infravision. You survived. Vanquished creatures: a large mimic a rock piercer 3 shriekers a kobold mummy a red naga hatchling a giant ant a little dog 2 floating eyes a kobold lord a centipede a giant bat a dwarf zombie 2 iguanas a coyote 2 hobbits a large kobold 2 giant rats 5 cave spiders 2 red molds 4 gnomes 4 geckos 9 jackals a kobold 5 goblins a sewer rat 2 grid bugs 6 lichens a kobold zombie 7 newts 70 creatures vanquished. Voluntary challenges: You had been an atheist until turn 2645. You used a wielded weapon 81 times, starting on turn 1. You read items or engraved 3 times, starting on turn 1608. You never genocided any monsters. You never polymorphed an object. You never changed form. You used no wishes. You never split a pudding. You never wrote Elbereth's name. You never violated your personal moral code. Dungeon overview: The Dungeons of Doom: levels 1 to 5 Level 1 a fountain a long staircase Level 2 a fountain Level 3 a general store Level 4 some fountains stairs to The Gnomish Mines Level 5 The Gnomish Mines: levels 5 to 8 Level 5 stairs to The Dungeons of Doom Level 6 Level 7 Level 8 <- You were here many shops, a temple to Ptah, some fountains History has recorded: On T:1 you entered the Dungeons of Doom to retrieve the Amulet of Yendor! On T:41 you reached level 2 of The Dungeons of Doom. On T:433 you advanced to experience level 2. On T:749 you advanced to experience level 3. On T:1028 you reached level 3 of The Dungeons of Doom. On T:1174 you reached level 4 of The Dungeons of Doom. On T:1194 you advanced to experience level 4. On T:1613 you reached level 5 of The Dungeons of Doom. On T:1802 you reached level 1 of The Gnomish Mines. On T:1898 you advanced to experience level 5. On T:1973 you reached level 2 of The Gnomish Mines. On T:2228 you reached level 3 of The Gnomish Mines. On T:2297 you reached level 4 of The Gnomish Mines. On T:2745 you advanced to experience level 6. Score breakdown: Gold: 453 ( 9038 points) Experience: 6 levels (12456 points) Exploration: 8 levels ( 15.38%) (11114 points) Discoveries: 5 items ( 1.74%) ( 3959 points) Valuables value: (no points given unless you survive) Artifact value: 0 ( 0 points) Variety of kills: 29 monsters ( 7.61%) ( 8276 points) Turncount: 2772 turns ( -483 points) Survival: quit (score multiplied by 90%) Total score: 39924 Latest messages: x - an uncursed spellbook of healing. E - an uncursed bubbly potion. t - an uncursed dark green potion. r - 2 uncursed puce potions. u - 2 uncursed yellow potions. C - a cursed sapphire ring. F - an uncursed candle. M - an uncursed key. G - an uncursed towel. A towel lands on the altar. To quit the game, use the 'save' command (typically on 'S'). Final status: Goodbye MingLee the Wizard, quit... You quit in The Gnomish Mines on dungeon level 8 with 39924 points, and 453 pieces of gold, after 2772 moves. You were level 6 with a maximum of 51 hit points when you quit.